 Dungeon Crawl Stone Soup version 0.31-a0-408-gb642c7f9a3 (webtiles) character file.

Game seed: 185542391480518081

506 horus123 the Conjurer (level 6, 0/45 HPs)
             Began as a Draconian Air Elementalist on July 30, 2023.
             Slain by a lemure (7 damage)
             ... led by Pikel
             ... on level 4 of the Dungeon.
             The game lasted 00:06:48 (4315 turns).

horus123 the Conjurer (Draconian Air Elementalist)  Turns: 4315, Time: 00:06:49

Health: 0/45       AC:  7    Str: 11    XL:     6   Next: 97%
Magic:  3/12       EV: 12    Int: 17    God:
Gold:   144        SH:  0    Dex: 11    Spells: 5/13 levels left

rFire   . . .        d - staff of air
rCold   . . .        (no shield)
rNeg    . . .        (body armour unavailable)
rPois   .            (helmet restricted)
rElec   +            (no cloak)
rCorr   .            o - +0 pair of gloves
SInv    .            (no boots)
Will    .....        (no amulet)
Stlth   ++           (no ring)
HPRegen 0.27/turn    (no ring)
MPRegen 0.13/turn

%: no passive effects
@: no status effects
A: AC +6, unfitting armour, cold-blooded
a: no special abilities


You were on level 4 of the Dungeon.
You visited 1 branch of the dungeon, and saw 4 of its levels.

You collected 144 gold pieces.

Inventory:

Missiles
 a - 2 throwing nets
Armour
 o - a +0 pair of gloves (worn)
Magical Staves
 d - a staff of air (weapon)
Wands
 r - a wand of flame (29)
Scrolls
 c - 2 scrolls of poison {unknown}
 h - a scroll of enchant armour {unknown}
 i - a scroll of fear {unknown}
 j - 2 scrolls of identify {unknown}
 l - 2 scrolls of teleportation {unknown}
 m - a scroll of noise {unknown}
 s - a scroll of immolation {unknown}
Potions
 e - a potion of might {unknown}
 f - a potion of resistance {unknown}
 g - 2 potions of invisibility {unknown}
 k - 4 potions of haste {unknown}
 n - a potion of curing {unknown}
 p - 2 potions of enlightenment {unknown}
 q - a potion of lignification {unknown}


   Skills:
 - Level 1.7 Dodging
 - Level 1.7 Stealth
 - Level 4.0 Spellcasting
 + Level 5.5 Conjurations
 - Level 4.1 Air Magic


You had 5 spell levels left.
You knew the following spells:

 Your Spells              Type           Power      Damage    Failure   Level
a - Shock                 Conj/Air       100%       1d9       2%          1
b - Static Discharge      Conj/Air       58%        2-5/arc   3%          2
c - Irradiate             Conj/Tmut      6%         3d13      80%         5

Your spell library contained the following spells:

 Spells                   Type           Power      Damage    Failure   Level
 Swiftness                Air            26%        N/A       9%          3
 Wereblood                Tmut           3%         N/A       24%         2
 Airstrike                Air            13%        2d(2-18)  28%         4


Dungeon Overview and Level Annotations

Branches:
Dungeon (4/15)
 Temple: D:4-7

Altars:
Kikubaaqudgha
Makhleb
Uskayaw

Annotations:
D:4 Pikel


Innate Abilities, Weirdness & Mutations

Your plain brown scales are hard. (AC +6)
You cannot fit into any form of body armour.
You are cold-blooded and may be slowed by cold attacks.


Message History

Confirm with . or Enter, or press ? or * to list all spells.
You feel a surge of power!
Pikel is struck by an arc of lightning.
Pikel is severely wounded.
The lemure is struck by an arc of lightning.
The lemure is lightly wounded.
The lightning grounds out.
Pikel hits you with a +0 whip of freezing.
Pikel freezes you.
You feel much better.
Pikel hits you with a +0 whip of freezing.
You feel yourself slow down. Pikel freezes you. Pikel attacks as you move away!
Pikel hits you with a +0 whip of freezing.
You feel as though you will be slow longer.
Pikel freezes you. The lemure misses you. Pikel attacks as you move away!
Pikel barely misses you.
Pikel says, "You'll feel the lick of my whip!"
Pikel hits you with a +0 whip of freezing!
You feel as though you will be slow longer.
Pikel freezes you. The lemure attacks as you move away!
The lemure hits you but does no damage. x2
The lemure attacks as you move away! The lemure hits you but does no damage.
Pikel closely misses you. The lemure hits you but does no damage.
The lemure attacks as you move away! The lemure hits you but does no damage.
You feel yourself speed up.
Pikel hits you with a +0 whip of freezing.
You feel yourself slow down. Pikel freezes you.
The lemure hits you but does no damage. The lemure closely misses you.
The lemure attacks as you move away! The lemure hits you.
The lemure attacks as you move away! The lemure hits you.
* * * LOW HITPOINT WARNING * * *
You feel yourself speed up. The lemure hits you.
* * * LOW HITPOINT WARNING * * *
Pikel misses you. The lemure attacks as you move away!
The lemure barely misses you. The lemure attacks as you move away!
The lemure hits you!
You die...

#....#.## #........
#.#...#.# #.#...#.#
###.#...#.# #.......#.#
##.......#.##.###
#######.5..............
.......@K5.............
########5....###..#####
###...'_#..# #...###..#
#...)....# .#
#.#......# ###.#
#........# .... ..#
#######..# ...# #.#
#..######


You could see Pikel and 3 lemures.

Vanquished Creatures
  Grinder (D:3)
  A lemure (D:4)
  Blork the orc (D:4)
  A hound (D:3)
  An orc priest (D:3)
  Robin (D:3)
  4 gnolls (D:2)
  3 adders
  A white imp (D:4)
  2 dart slugs
  2 worms
  6 orcs (D:3)
  A ball python (D:1)
  3 bats
  5 endoplasms
  A giant cockroach (D:3)
  17 goblins
  9 hobgoblins
  7 jackals
  3 quokkas
  A frilled lizard (D:3)
  5 kobolds
  3 rats
79 creatures vanquished.

Notes
Turn   | Place    | Note
-------+----------+-------------------------------------------
     0 | D:1      | horus123 the Draconian Air Elementalist began the quest for
                  | the Orb.
     0 | D:1      | Reached XP level 1. HP: 14/14 MP: 3/3
  1045 | D:2      | Reached XP level 2. HP: 20/20 MP: 0/5
  1224 | D:2      | Learned a level 2 spell: Static Discharge
  1474 | D:2      | Reached XP level 3. HP: 26/26 MP: 1/7
  1675 | D:2      | Reached XP level 4. HP: 33/33 MP: 5/10
  2599 | D:3      | Reached XP level 5. HP: 38/38 MP: 7/11
  2606 | D:3      | Reached skill level 2 in Conjurations
  2685 | D:3      | Learned a level 5 spell: Irradiate
  3045 | D:3      | Noticed Grinder
  3055 | D:3      | Paralysed by Grinder for 5 turns
  3119 | D:3      | Killed Grinder
  3120 | D:3      | Reached skill level 4 in Conjurations
  3120 | D:3      | Reached XP level 6. HP: 33/45 MP: 1/12
  3459 | D:3      | Found a burning altar of Makhleb.
  3459 | D:3      | Noticed Robin
  3471 | D:3      | Killed Robin
  3778 | D:4      | Noticed Blork the orc
  3787 | D:4      | Killed Blork the orc
  3788 | D:4      | Reached skill level 5 in Conjurations
  4051 | D:4      | Found a hide-covered altar of Uskayaw.
  4292 | D:4      | Found an ancient bone altar of Kikubaaqudgha.
  4297 | D:4      | Noticed Pikel
  4315 | D:4      | Slain by a lemure

Illustrated notes

Levels and vault maps discovered:
D:1:      lightli_arrival_flooded_house, layout_loops_corners,
          chequers_serial_rivers_small_3, chequers_mini_garden, moated_statue
D:2:      layout_loops_ring
D:3:      layout_loops_corners, lightli_temple_of_fire, uniq_grinder, uniq_robin
D:4:      layout_loops_ring, eat_drink_and_be_merry_uskayaw,
          kennysheep_mini_moat, uniq_blork_the_orc, uniq_pikel

Skill      XL: |  1  2  3  4  5  6 |
---------------+-------------------+-----
Spellcasting   | 3 4 |  4.0
Air Magic      | 4 |  4.1
Conjurations   | 4 5 |  5.5
Dodging        | |  1.7
Stealth        | |  1.7

Action                     |  1- 3 |  4- 6 || total
---------------------------+-------+-------++-------
  Melee: Staff             |     3 |       ||     3
   Cast: Shock             |    39 |   126 ||   165
         Static Discharge  |       |     8 ||     8
    Use: Potion            |     1 |     2 ||     3
 Armour: Skin              |     7 |    15 ||    22
  Dodge: Dodged            |    19 |    22 ||    41

Table legend: (Time is in decaauts)
 A = Elapsed time spent in this place.
 B = Non-inter-level travel time spent in this place.
 C = Inter-level travel time spent in this place.
 D = Time resting spent in this place.
 E = Time spent auto-exploring this place.
 F = Levels seen in this place.
 G = Mean time per level.
                   A        B        C        D        E       F      G
               +--------+--------+--------+--------+--------+-----+--------+
         Total |   4323 |   4243 |     80 |    872 |   2967 |   4 | 1080.8 |
       Dungeon |   4323 |   4243 |     80 |    872 |   2967 |   4 | 1080.8 |
               +--------+--------+--------+--------+--------+-----+--------+

Top non-repeatable levels by time:
     D:3: 1645 daAuts
     D:2: 1054 daAuts
     D:1: 1029 daAuts
     D:4: 593 daAuts
